 Dungeon Crawl Stone Soup version 0.23-a0-78-gc252fe1 (webtiles) character file.

126 Glaeka the Insei (level 5, -18/28 HPs)
             Began as a Vine Stalker Monk on Aug 11, 2018.
             Demolished by an ogre
             ... wielding a +0 giant club
              (29 damage)
             ... on level 4 of the Dungeon.
             The game lasted 00:07:31 (1774 turns).

Glaeka the Insei (Vine Stalker Monk)                Turns: 1774, Time: 00:07:32

Health: -18/28     AC:  3    Str: 14    XL:     5   Next: 9%
Magic:  0/6        EV: 13    Int: 10    God:
Gold:   72         SH:  0    Dex: 17    Spells: 4/4 levels left

rFire    . . .     SeeInvis .     - Unarmed
rCold    . . .     Gourm    .   (no shield)
rNeg     . . .     Faith    .   a - +0 robe
rPois    .         Spirit   +   i - +0 helmet
rElec    .         Reflect  .   (no cloak)
rCorr    .         Harm     .   (no gloves)
MR       .....                  (no boots)
Stlth    +++.......             (no amulet)
HPRegen  0.49/turn              (no ring)
MPRegen  0.10/turn              (no ring)

@: no status effects
A: fangs 2, regeneration 1, magic shield, antimagic bite, no potion heal 3, rot
immunity
a: no special abilities


You were on level 4 of the Dungeon.
You were hungry.

You visited 1 branch of the dungeon, and saw 4 of its levels.

You collected 72 gold pieces.

Inventory:

Missiles
 m - 3 needles of sleeping
 o - 7 tomahawks (quivered)
Armour
 a - a +0 robe (worn)
 i - a +0 helmet (worn)
Jewellery
 k - an uncursed ring of resist corrosion {unknown}
Scrolls
 c - 2 scrolls of remove curse {unknown}
 d - 2 scrolls of fog {unknown}
 e - a scroll of fear {unknown}
 f - a scroll of noise {unknown}
 g - 2 scrolls of identify {unknown}
Potions
 h - a potion of curing {unknown}
 j - a potion of flight {unknown}
 l - a potion of lignification {unknown}
Comestibles
 b - 3 rations


   Skills:
 + Level 3.0 Fighting
 - Level 2.4 Dodging
 + Level 3.9 Stealth
 * Level 4.8 Unarmed Combat


You had 4 spell levels left.
You didn't know any spells.
Your spell library was empty.

Dungeon Overview and Level Annotations

Branches:
Dungeon (4/15)
 Temple: D:4-7

Altars:
Qazlal
Vehumet
Xom
Yredelemnul
The Shining One

Annotations:
D:3 Jessica


Innate Abilities, Weirdness & Mutations

You have extremely sharp teeth.
Your natural rate of healing is unusually fast.
When hurt, damage is shared between your health and your magic reserves.
Your bite disrupts and absorbs the magic of your enemies.
Potions cannot restore your health.
You are immune to rotting.


Message History

Found a radiant altar of Vehumet and a shimmering altar of Xom.
You hear the rusting of a very distant drain.
The ogre is too close now for your liking.
Found a fizzy grey potion.
Found 12 gold pieces.
The helpless ogre fails to defend itself.
You punch the ogre!
The ogre is moderately wounded.
The ogre barely misses you.
You hit the ogre.
The ogre is moderately wounded.
You hit the ogre but do no damage. Your bite misses the ogre.
The ogre is moderately wounded.
The ogre hits you with a giant club!!
Ouch! That really hurt!
You hit the ogre.
The ogre is heavily wounded.
The ogre hits you with a giant club!!
Ouch! That really hurt!
You die...

####### #.#.#.#.#.......... #
#.#.#.#.#....###### # ##########
#.#.#.#.#....# ... #
#.........##.#.#.#.#....###### #
#.........$..#.#...#..........
####.....8.8.8..#.#...#...#######
....>...........#.#.#.#...#######
###..............................
#.........!.#.@.#.......#######
#......... #O..###............
#.###..... #.......###########
#.# .... .....###.# ##. #.#
.........# #.# ######.. #<#
.8.8....# #.# #⌠_.'... #.#
....#### #.# #⌠_.'..# #.# .####
######.# #.# ###


You could see an ogre.

Vanquished Creatures
  An orc priest (D:3)
  An orc wizard (D:3)
  3 oozes
  A worm (D:2)
  3 dart slugs
  A leopard gecko (D:1)
  3 orcs
  A ball python (D:2)
  6 bats
  3 giant cockroaches
  2 goblins (D:1)
  6 hobgoblins
  3 kobolds
  3 frilled lizards
  A leopard gecko skeleton (D:3)
  5 rats
43 creatures vanquished.

Notes
Turn   | Place    | Note
-------+----------+-------------------------------------------
     0 | D:1      | Glaeka the Vine Stalker Monk began the quest for the Orb.
     0 | D:1      | Reached XP level 1. HP: 11/11 MP: 2/2
   304 | D:1      | Reached XP level 2. HP: 14/16 MP: 3/3
   865 | D:2      | Reached XP level 3. HP: 19/19 MP: 4/4
  1115 | D:2      | Reached skill level 4 in Unarmed Combat
  1142 | D:2      | Found a basalt altar of Yredelemnul.
  1156 | D:2      | Found a glowing golden altar of the Shining One.
  1237 | D:2      | Gained mutation: Your natural rate of healing is unusually fast. [Vine Stalker growth]
  1237 | D:2      | Reached XP level 4. HP: 13/24 MP: 5/5
  1277 | D:2      | Found a stormy altar of Qazlal.
  1448 | D:3      | Noticed Jessica
  1476 | D:3      | Reached XP level 5. HP: 6/28 MP: 3/6
  1603 | D:4      | Noticed an ogre
  1719 | D:4      | Found a radiant altar of Vehumet.
  1719 | D:4      | Found a shimmering altar of Xom.
  1774 | D:4      | Demolished by an ogre

Vault maps used:
D:1:      tarquinn_simple_flora_water_f, minivault_11,
          minmay_misc_feat_enclosed, serial_bayou_lagoon_a, serial_bayou_pond_d,
          st_stairs_5, minmay_misc_feat_pillars
D:2:      lemuel_crystal_altar, grunt_qazlal_clouds, lemuel_doored_altar,
          hangedman_decor_growths
D:3:      marbit_many_paths, ebering_ghost_sewer_d, patterned_corridor,
          uniq_jessica
D:4:      gammafunk_temple_overflow_wave, eat_drink_and_be_merry_uskayaw,
          overflow_temple_1_default, cheibrodos_sewer_entry_drain,
          minmay_misc_feat_encased, minmay_misc_feat_chi

Skill      XL: |  1  2  3 |
---------------+----------+-----
Fighting       | 3 |  3.0
Stealth        | 3 |  3.9
Unarmed Combat | 4 |  4.8
Dodging        | |  2.4

Action                   |  1- 3 |  4- 6 || total
-------------------------+-------+-------++-------
Melee: Unarmed           |    71 |    33 ||   104
       Bite              |    19 |     8 ||    27
       Punch             |       |     1 ||     1
Throw: Tomahawk          |       |     2 ||     2
 Stab: Sleeping          |    11 |     1 ||    12
  Eat: Chunk             |     1 |     1 ||     2
Armor: Robe              |    12 |     1 ||    13
Dodge: Dodged            |    23 |    17 ||    40

Table legend:
 A = Non-vault XP
 B = Vault XP
 C = Vault XP percentage of total XP
 D = Non-vault monster count
 E = Vault monster count
 F = Vault count percentage of total count
 G = Total turns spent on level
                 A         B        C        D         E       F
            +---------+---------+-------+---------+---------+-------
      Total |     175 |       5 |   2.8 |      41 |       2 |   4.7
            +---------+---------+-------+---------+---------+-------
        D:1 |      27 |       5 |  15.6 |      12 |       2 |  14.3
        D:2 |      53 |       0 |   0.0 |      21 |       0 |   0.0
        D:3 |      91 |       0 |   0.0 |       6 |       0 |   0.0
        D:4 |       4 |       0 |   0.0 |       2 |       0 |   0.0
            +---------+---------+-------+---------+---------+-------
